 Dungeon Crawl Stone Soup version 0.20.1-1-g8b1a95d (webtiles) character file.

217 Linguinho the Sneak (level 5, -14/40 HPs)
             Began as a Demonspawn Assassin on Oct 30, 2017.
             Killed by divine providence
             ... invoked by an orc priest
              (16 damage)
             ... on level 3 of the Dungeon.
             The game lasted 00:06:56 (2524 turns).

Linguinho the Sneak (Demonspawn Assassin)           Turns: 2524, Time: 00:06:57

Health: -14/40     AC:  4    Str: 12    XL:     5   Next: 61%
Magic:  5/5        EV:  9    Int: 13    God:
Gold:   190        SH: 13    Dex: 14    Spells: 4/4 levels left

rFire    . . .     SeeInvis .   l - +1 short sword (flame)
rCold    . . .     Gourm    .   u - +0 shield
rNeg     . . .     Faith    .   j - +0 leather armour
rPois    .         Spirit   .   (no helmet)
rElec    .         Reflect  .   d - +0 cloak
rCorr    .         Harm     .   (no gloves)
MR       .....                  (no boots)
Stlth    ++........             h - amulet of magic regeneration
Regen    0.2/turn               (no ring)
MPRegen  0.2/turn               (no ring)

@: no status effects
A: hooves 2, large bone plates 2
a: no special abilities


You were on level 3 of the Dungeon.
You were not hungry.

You visited 1 branch of the dungeon, and saw 4 of its levels.

You collected 190 gold pieces.

Inventory:

Hand Weapons
 a - a +2 dagger
 b - a +0 blowgun
 l - a +1 short sword of flaming (weapon)
Missiles
 e - 20 poisoned needles
 f - 2 curare-tipped needles
 r - 5 needles of sleeping
Armour
 d - a +0 cloak (worn)
 j - a +0 leather armour (worn)
 u - a +0 shield (worn)
Jewellery
 h - an amulet of magic regeneration (around neck)
Scrolls
 p - 2 scrolls of amnesia {unknown}
Potions
 c - a potion of lignification {unknown}
 i - a potion of might {unknown}
 k - a potion of curing
 m - 2 potions of haste {unknown}
 t - a potion of agility {unknown}
Comestibles
 g - 2 bread rations
 n - 2 chunks of flesh
 q - a royal jelly
 s - 4 fruits


   Skills:
 + Level 2.9 Fighting
 + Level 3.2 Short Blades
 - Level 1.7 Throwing
 * Level 2.4 Armour
 + Level 1.7 Dodging
 + Level 4.1 Stealth
 + Level 0.3 Shields


You had 4 spell levels left.
You didn't know any spells.

Dungeon Overview and Level Annotations

Branches:
Dungeon (4/15)
 Temple: D:4-7

Altars:


Innate Abilities, Weirdness & Mutations

You have hoof-like feet.
You are mostly covered in large bone plates. (SH +6)


Message History

You barely miss the orc wizard. Your kick misses the orc wizard.
The orc wizard is heavily wounded.
You block the orc wizard's attack. The orc wizard hits you with a dagger.
You completely miss the orc wizard. Your kick misses the orc wizard.
The orc wizard is heavily wounded.
You block the orc wizard's attack.
The orc priest calls down the wrath of Beogh upon you.
Beogh smites you!
You barely miss the orc wizard.
You kick the orc wizard, but do no damage.
The orc wizard is heavily wounded.
You block the orc wizard's attack.
The orc priest calls down the wrath of Beogh upon you.
Beogh smites you!
* * * LOW HITPOINT WARNING * * *
The orc wizard hits you but does no damage.
The orc wizard hits you but does no damage.
The orc priest mumbles some strange prayers to Beogh against you.
Beogh smites you!
You die...

#.###########.#
******#.....))......#
,,,,,,#############.#############
....,,* #.....#.#............
....,,* #.###.#.#.#####..####
.....,* #####.###.#.#.#...#..#
.....,* #)....#<).#.#.#.#.#..#
......* #)#########.#.#.#.#..####
......###.......@o......#.#......
......§§###########o#.###.#.#####
......§row§# #....#.#.........#
......§§##§###.##.#o##÷.....#.#
........'§..[.........>.....#.#
........##.w##.....)###.#.#.#.#
........###.##......# #.....#.#
........# #..#......#########.#
.....(..# ##.#......'.........#


You could see an orc priest and an orc wizard.

Vanquished Creatures
  Jessica (D:2)
  2 orc wizards (D:3)
  4 adders
  2 oozes
  4 worms
  2 dart slugs
  8 orcs (D:3)
  3 giant cockroaches
  3 goblins
  10 hobgoblins
  7 jackals
  A quokka (D:2)
  12 bats
  A frilled lizard (D:1)
  7 kobolds
  2 rats (D:1)
69 creatures vanquished.

Notes
Turn   | Place    | Note
-------+----------+-------------------------------------------
     0 | D:1      | Linguinho the Demonspawn Assassin began the quest for the Orb.
     0 | D:1      | Reached XP level 1. HP: 16/16 MP: 1/1
   267 | D:1      | Gained mutation: You have large cloven feet. [demonic ancestry]
   267 | D:1      | Reached XP level 2. HP: 7/22 MP: 2/2
   594 | D:1      | Reached skill level 1 in Dodging
   906 | D:1      | Reached skill level 1 in Armour
   911 | D:1      | Gained mutation: You are partially covered in large bone plates. (SH +4) [demonic ancestry]
   911 | D:1      | Reached XP level 3. HP: 18/28 MP: 3/3
  1370 | D:2      | Gained mutation: You have hoof-like feet. [demonic ancestry]
  1370 | D:2      | Reached XP level 4. HP: 28/34 MP: 4/4
  1435 | D:2      | Noticed Jessica
  1452 | D:2      | Killed Jessica
  1795 | D:3      | Reached skill level 4 in Stealth
  1816 | D:3      | Gained mutation: You are mostly covered in large bone plates. (SH +6) [demonic ancestry]
  1816 | D:3      | Reached XP level 5. HP: 30/40 MP: 5/5
  2030 | D:4      | Noticed a phantom
  2039 | D:3      | HP: 2/40 [orc/flail (2)]
  2521 | D:3      | HP: 2/40 [orc priest/divine providence (14)]
  2524 | D:3      | Killed from afar by an orc priest

Skill      XL: |  1  2  3  4 |
---------------+-------------+-----
Short Blades   | 2 3 |  3.2
Dodging        | 1 |  1.7
Armour         | 1 2 |  2.4
Stealth        | 4 |  4.1
Fighting       | |  2.9
Throwing       | |  1.7
Shields        | |  0.3

Action                   |  1- 3 |  4- 6 || total
-------------------------+-------+-------++-------
Melee: Dagger            |   100 |       ||   100
       Kick              |    20 |    28 ||    48
       Short sword       |    25 |   120 ||   145
  Use: Scroll            |       |     2 ||     2
       Potion            |       |     2 ||     2
 Stab: Sleeping          |     3 |     2 ||     5
  Eat: Chunk             |     2 |     3 ||     5
Armor: Robe              |    41 |       ||    41
       Leather armour    |     8 |    19 ||    27
Dodge: Dodged            |   110 |    41 ||   151
Block: Other             |     5 |     1 ||     6
       Shield            |       |    69 ||    69
